Unix NetHack Version 5.0.0-0 post-release - last build Jul 19 2026 19:10:59 (3aa4ab31751d3886436d94b585a96704892fd477,branch:main).

Game began 2026-07-28 18:45:23, ended 2026-07-28 20:43:19.

Eymerich, chaotic male elven Priest

                        --------------------------------
                        |..............................|
                        |.---.--..-----....----..-----.|      -------
                        |.|.G..|..|...|....|..-..|   |.|      |.....|
                        |.|....|......|....|..|..|  .|.|  ####->....|
                        |.)|------|...|.------|..-...|.|###  #|.^...|
                        |@.....|).|...|.|..|%!|.-----|.|####  -.---|-
                        ..----.|..|-|.-.|..|%%|.-....|..#          ####
                        |.|..|.--|-..{..--||..|.|.._.|.|#             #
                        |.|..-.............-|--.| ...|.|              #
                     ###|.|---|---.-----|-......| ...|.|              ###
                ########..|..|.. |.|  |..|---|-------|.|       ----.----.-
                #      #|.|..|(((|.+  |..|....|{.|!..|.|       |.........|
       ---------#      #|.|..|(((|.---|..|....|..|%%.-.|       +.........|
       |...^...-#      [|.--|-----..{.---------|------.|       |.........|
       |.......|       #|..............................|       -----------
       ---------       #--------------------------------

Eymerich the Adept           St:14 Dx:10 Co:16 In:8 Wi:20 Ch:9  Chaotic
Dlvl:6  $:68 HP:0(48) Pw:62(62) AC:8  Xp:6 T:4867 

Latest messages:
 You hear water falling on coins.
 You hear water falling on coins.
 You hear the chime of a cash register.
 You hear an animal carcass being offered in sacrifice.
 You hear a slow drip.
 You hear someone praising Huan Ti.
 You are in full health.
 This door is locked.
 Unlock it with your key? [ynq] (q)
 You succeed in unlocking the door.
 The door opens.
 You hear the chime of a cash register.
 The gnome king wields a thonged club!
 The gnome king secures the tether on the thonged club.
 The gnome king throws a thonged club!
 You are hit by a thonged club.
 The thonged club returns to the gnome king's hand!
 What do you want to throw? [$gkoqs-uy or ?*]
 In what direction?
 The thonged club hits the gnome king.
 The thonged club returns to your hand!
 The gnome king wields a crossbow!
 The gnome king wields a thonged club!
 The gnome king secures the tether on the thonged club.
 Pick a monster, object or location.
 What do you want to throw? [$gkoqs-uy or ?*]
 In what direction?
 The thonged club hits the gnome king!
 The thonged club returns to your hand!
 The gnome king throws a thonged club!
 You are hit by a thonged club.
 The gnome king swings his thonged club.
 The gnome king hits!
 You hit the gnome king!
 The gnome king swings his thonged club.
 The gnome king hits!
 You miss the gnome king.
 The gnome king swings his thonged club.
 The gnome king hits!
 The gnome king shoots 4 crossbow bolts!
 You are hit by the 1st crossbow bolt.
 You are hit by the 2nd crossbow bolt.
 Elf, your life force is running out.
 You catch the crossbow bolt! I - a crossbow bolt.
 You are hit by the 4th crossbow bolt!
 You die...
 Do you want your possessions identified? [ynq] (y)
 Do you want to see your attributes? [ynq] (y)
 Do you want an account of creatures vanquished? [ynaq] (y)
 Do you want to see your conduct and achievements? [ynq] (y)

Inventory:
 Coins    ('$')
  $ - 68 gold pieces
 Weapons  (')')
  k - a +0 arrow
  I - a +0 crossbow bolt
  o - 6 +0 silver arrows
  g - a +0 bow
  q - 12 +0 darts
  s - 5 +0 daggers (at the ready)
  y - a blessed +1 orcish dagger
  t - a blessed +2 aklys (tethered to right hand)
  u - a +0 dwarvish mattock (alternate weapon; not wielded)
 Armor    ('[')
  D - a +0 dwarvish iron helm
  r - a blessed +1 pair of iron shoes
  b - a blessed +0 robe (being worn)
 Comestibles  ('%')
  e - a clove of garlic
  T - a cram ration
  j - 4 food rations
  P - 2 fortune cookies
  f - 2 sprigs of wolfsbane
  B - a lichen corpse
 Scrolls  ('?')
  X - a blessed scroll of enchant armor
  R - a scroll of enchant armor
  C - a scroll of food detection
  w - 2 blessed scrolls of identify
  L - 2 scrolls of remove curse
  h - a scroll of scare monster
  O - a scroll of teleportation
 Potions  ('!')
  c - a potion of blindness
  Q - a potion of booze
  G - a blessed potion of extra healing
  K - 2 potions of gain ability
  m - a blessed potion of monster detection
  Z - a potion of sleeping
  d - 3 potions of holy water
 Wands    ('/')
  p - a wand of magic missile (0:0)
  Y - a wand of secret door detection (0:15)
 Tools    ('(')
  U - an expensive camera (0:31)
  N - a skeleton key

Eymerich the Priest's attributes:

Background:
 You were an Adept, a level 6 elven Priest.
 You were chaotic, on a mission for Huan Ti
 who was opposed by Shan Lai Ching (lawful) and Chih Sung-tzu (neutral).
 You were right-handed.
 You were in the Gnomish Mines, on level 6.
 You entered the dungeon 4867 turns ago.
 You had 621 experience points, 19 more were needed to attain level 7.

Basics:
 You had 0 out of 48 hit points.
 You had all 62 energy points (spell power).
 Your armor class was 8.
 Your wallet contained 68 zorkmids.
 Autopickup was off.

Final Characteristics:
 Your strength was 14 (limit:18).
 Your dexterity was 10 (limit:18).
 Your constitution was 16 (limit:16).
 Your intelligence was 8 (limit:20).
 Your wisdom was 20 (limit:20).
 Your charisma was 9 (limit:18).

Final Status:
 You weren't hungry.
 You were unencumbered.
 You were wielding a club.
 You had basic skill with club and could have enhanced that.

Final Attributes:
 You were piously aligned.
 You were sleep resistant.
 You had infravision.
 You were guarded.
 Your spell casting was enhanced by wearing a robe.
 You are dead.

Miscellaneous:
 You didn't encounter any bones levels.
 Total elapsed playing time was 1 hour, 1 minute and 59 seconds.

Major events:
 Turn
    1: Eymerich the chaotic elven Priest entered the dungeon
 1186: attained the rank of Acolyte (level 3)
 2599: read a Discworld novel
 3179: entered the Gnomish Mines
 3692: attained the rank of Adept (level 6)
 3829: reached Mine Town
 4867: killed by a crossbow bolt

Spells:
 Name                 Level Category     Fail Retention
 detect monsters        1   divination     0%  76%-100%
 clairvoyance           3   divination    39%  76%-100%
 jumping                1   escape         0%  76%-100%

Skills:
 Fighting Skills
   bare handed combat [Unskilled]
 Weapon Skills
   club               [Basic]
   mace               [Basic]
   morning star       [Unskilled]
   flail              [Unskilled]
   hammer             [Unskilled]
   quarterstaff       [Unskilled]
   polearms           [Unskilled]
   spear              [Unskilled]
   trident            [Unskilled]
   lance              [Unskilled]
   bow                [Unskilled]
   sling              [Unskilled]
   crossbow           [Unskilled]
   dart               [Unskilled]
   shuriken           [Unskilled]
   boomerang          [Unskilled]
   unicorn horn       [Unskilled]
 Spellcasting Skills
   healing spells     [Unskilled]
   divination spells  [Unskilled]
   clerical spells    [Basic]

Voluntary challenges:
 Character rerolling was not enabled.
 You never genocided any monsters.
 You never polymorphed an object.
 You never changed form.
 You used no wishes.
Achievements:
 You attained the rank of Acolyte.
 You entered a shop.
 You read from a Discworld novel.
 You entered the Gnomish Mines.
 You attained the rank of Adept.
 You entered Minetown.

 The Dungeons of Doom: levels 1 to 5
    Level 1:
       A fountain, a grave.
    Level 2:
       A fountain.
    Level 3: "vault, closed shop"
       A fountain.
       Stairs down to The Gnomish Mines.
    Level 4: "locked box, 2 x locked chest, vault"
    Level 5: "vault (done)"
       A scroll shop, an altar.
 The Gnomish Mines: levels 4 to 7
    Level 4:
    Level 5:
    Level 6: <- You were here.
       An altar to Huan Ti, some fountains, a sink.
       Final resting place for
          you, killed by a crossbow bolt.
    Level 7:


Vanquished creatures:
  a small mimic
  a dwarf mummy
  2 rock piercers
  a rock mole
  5 gnome leaders
  2 gnomish wizards
 an elf zombie
  a ghoul
  a giant ant
  a floating eye
  5 dwarves
  2 hill orcs
  3 rothes
  6 monkeys
  3 orc zombies
  2 iguanas
 an acid blob
  a gas spore
  a large kobold
  a giant rat
  4 cave spiders
 23 gnomes
  2 garter snakes
  a gnome zombie
  4 geckos
 14 jackals
  2 foxes
  5 goblins
  a sewer rat
  6 grid bugs
  a lichen
  3 newts
107 creatures vanquished.

No species were genocided or became extinct.

Game over:
                       ----------
                      /          \
                     /    REST    \
                    /      IN      \
                   /     PEACE      \
                  /                  \
                  |     Eymerich     |
                  |      68 Au       |
                  |   killed by a    |
                  |  crossbow bolt   |
                  |                  |
                  |                  |
                  |       2026       |
                 *|     *  *  *      | *
        _________)/\\_//(\/(/\)/\//\/|_)_______

Goodbye Eymerich the Priest...

You died in The Gnomish Mines on dungeon level 6 with 2866 points,
and 68 pieces of gold, after 4867 moves.
You were level 6 with a maximum of 48 hit points when you died.

